 Dungeon Crawl Stone Soup version 0.30.1-9-gdf580d7c3d (webtiles) character file.

Game seed: 6715971333097938470

590 KittyFluff the Cleaver (level 7, 0/57 HPs)
             Began as a Minotaur Berserker on Oct 14, 2023.
             Was a Priest of Trog.
             Killed by nerve-wracking pain
             ... invoked by Menkaure
              (5 damage)
             ... on level 4 of the Dungeon.
             The game lasted 00:14:58 (3928 turns).

KittyFluff the Cleaver (Minotaur Berserker)         Turns: 3928, Time: 00:14:59

Health: 0/57       AC:  8    Str: 24    XL:     7   Next: 15%
Magic:  6/6        EV: 12    Int:  4    God:    Trog [***...]
Gold:   229        SH:  5    Dex:  9    Spells: 6/6 levels left

rFire   . . .        i - +2 hand axe (elec)
rCold   . . .        (no shield)
rNeg    . . .        g - +0 steam dragon scales
rPois   .            (helmet restricted)
rElec   .            a - +0 cloak
rCorr   .            t - +0 pair of gloves {Stlth+}
SInv    .            (no boots)
Will    .....        w - amulet of reflection
Stlth   ++           (no ring)
HPRegen 0.29/turn    (no ring)
MPRegen 0.10/turn

%: reflection
@: no status effects
A: horns 2, retaliatory headbutt
a: Renounce Religion, Berserk, Trog's Hand


You were on level 4 of the Dungeon.
You worshipped Trog.
Trog was most pleased with you.
You visited 1 branch of the dungeon, and saw 4 of its levels.

You collected 229 gold pieces.

Inventory:

Hand Weapons
 i - a +2 hand axe of electrocution (weapon)
 r - a +0 sling
Missiles
 n - a poisoned dart (quivered)
 u - 2 boomerangs
Armour
 a - a +0 cloak (worn)
 g - +0 steam dragon scales (worn)
 t - a +0 pair of gloves of stealth (worn)
Jewellery
 s - a ring of ice
 w - an amulet of reflection (around neck)
Wands
 m - a wand of paralysis (11)
 q - a wand of polymorph (12)
 z - a wand of flame (14)
Scrolls
 b - 2 scrolls of teleportation {unknown}
 e - a scroll of fear {unknown}
 h - a scroll of fog {unknown}
 k - a scroll of amnesia {unknown}
 l - 2 scrolls of immolation {unknown}
 v - a scroll of poison {unknown}
 y - a scroll of blinking {unknown}
Potions
 c - 2 potions of curing
 d - 2 potions of heal wounds {unknown}
 f - a potion of degeneration {unknown}
 j - a potion of attraction {unknown}
 o - 2 potions of brilliance {unknown}
 p - a potion of lignification {unknown}
 x - 2 potions of berserk rage {unknown}


   Skills:
 - Level 3.6 Fighting
 * Level 8.4 Axes
 + Level 5.7 Armour
 - Level 2.1 Dodging


You had 6 spell levels left.
You didn't know any spells.
Your spell library was empty.

Dungeon Overview and Level Annotations

Branches:
Dungeon (4/15)
 Temple: D:4-7

Altars:
Ru
Sif Muna

Shops:
D:2 *

Annotations:
D:4 1 runed translucent door, KittyFluff's ghost, amateur GrBe; Menkaure


Innate Abilities, Weirdness & Mutations

You have a pair of horns on your head.
You reflexively headbutt those who attack you in melee.


Message History

You throw a poisoned dart. The poisoned dart hits Menkaure.
Menkaure shouts!
A gnoll comes into view. It is wielding a +0 spear.
A gnoll bouda comes into view. It is wielding a +0 club.
Menkaure calls on the powers of darkness!
The gnoll bouda convulses!
The gnoll bouda shouts!
Your body is wracked with pain!
The gnoll convulses!
Menkaure mumbles in an indecipherable tongue.
Menkaure casts a spell.
Menkaure seems to speed up.
Menkaure calls on the powers of darkness!
The gnoll bouda convulses!
Your body is wracked with pain!
* * * LOW HITPOINT WARNING * * *
The gnoll convulses!
The gnoll drinks a potion.
The gnoll is healed!
Things that are here:
a +0 flail; a +0 whip; a gnoll corpse The gnoll bouda barks out a call to the hunt!
The gnoll picks up the pace!
Menkaure calls on the powers of darkness!
The gnoll bouda convulses!
Your body is wracked with pain!
* * * LOW HITPOINT WARNING * * *
The gnoll convulses!
The gnoll hits you with a +0 spear.
* * * LOW HITPOINT WARNING * * *
The gnoll bouda closely misses you.
You slash the gnoll bouda!
You kill the gnoll bouda!
Trog accepts your kill.
You hit the gnoll. The gnoll barely misses you.
You barely miss Menkaure. Your headbutt misses Menkaure.
You hit the gnoll but do no damage. The gnoll closely misses you.
Menkaure misses you. You furiously retaliate!
You headbutt Menkaure! You hit Menkaure.
Menkaure is severely damaged.
You hit the gnoll. Menkaure casts a spell at you.
Pain shoots through your body!
You die...

#.........# #...#.....##
#.........# #...#...####
#.........# #...##### #
#.........# #...# #####
#######)).......######...####....
.)....')).......'....'...'..#....
#######(........######......#....
##......>g..)#......#######
#.#..(..M@.).......+SSW~!~
#.#'#######)##.##..#######
#.......# #....###...#####
#.......# #####...........
#.......# #........... #.......#
#........... #.#.#####
#........... #.#.# ###...........
########.#.# #.............


You could see Menkaure (fast) and a gnoll (swift).

Vanquished Creatures
  Eustachio (D:4)
  An ogre (D:4)
  A hound (D:4)
  An orc priest (D:3)
  An iguana (D:4)
  Terence (D:2)
  A gnoll bouda (D:4)
  Natasha (D:2)
  2 orc wizards
  4 gnolls (D:4)
  2 adders
  2 worms
  12 orcs
  14 endoplasms
  7 giant cockroaches
  9 goblins
  6 hobgoblins
  5 jackals (D:1)
  5 kobolds
  13 ball pythons
  5 bats
  7 frilled lizards
  7 rats
108 creatures vanquished.

Notes
Turn   | Place    | Note
-------+----------+-------------------------------------------
     0 | D:1      | KittyFluff the Minotaur Berserker began the quest for the
                  | Orb.
     0 | D:1      | Reached XP level 1. HP: 19/19 MP: 0/0
   106 | D:1      | Reached skill level 4 in Axes
   240 | D:1      | Reached XP level 2. HP: 21/26 MP: 1/1
   673 | D:1      | Reached ** piety under Trog
   725 | D:1      | Reached XP level 3. HP: 31/31 MP: 2/2
  1008 | D:2      | Noticed Terence
  1018 | D:2      | Killed Terence
  1019 | D:2      | Reached skill level 5 in Axes
  1234 | D:2      | Reached XP level 4. HP: 32/39 MP: 3/3
  1873 | D:2      | Found Azuiss Ahia's Assorted Antiques.
  1971 | D:2      | Noticed Natasha
  1977 | D:2      | Killed Natasha
  2284 | D:3      | Found a shimmering blue altar of Sif Muna.
  2338 | D:3      | Found a sacrificial altar of Ru.
  2382 | D:3      | Reached skill level 6 in Axes
  2382 | D:3      | Reached XP level 5. HP: 44/45 MP: 4/4
  2401 | D:3      | Found a faded altar of an unknown god.
  2476 | D:3      | Reached *** piety under Trog
  3228 | D:4      | Reached skill level 7 in Axes
  3228 | D:4      | Reached XP level 6. HP: 50/51 MP: 5/5
  3239 | D:4      | Noticed Eustachio
  3247 | D:4      | Killed Eustachio
  3248 | D:4      | Reached skill level 5 in Armour
  3643 | D:4      | Noticed Menkaure
  3666 | D:4      | Reached skill level 8 in Axes
  3666 | D:4      | Reached XP level 7. HP: 57/57 MP: 6/6
  3886 | D:4      | Found a runed translucent door.
  3896 | D:4      | Noticed KittyFluff's ghost (amateur GrBe)
  3928 | D:4      | Killed from afar by Menkaure

Illustrated notes

Levels and vault maps discovered:
D:1:      sevenhm_arrival_forest_fort_small_6, layout_loops_corners,
          minmay_hexomino_u4
D:2:      layout_basic, serial_shops, nicolae_diamond_shop, uniq_terence,
          uniq_natasha
D:3:      layout_rooms, mainiacjoe_overflow_paths,
          nicolae_ru_sacrificial_ziggurat, dreamdust_ecumenical_altar_statues,
          st_stairs_8
D:4:      layout_basic, ebering_ghost_sewer_d, hangedman_abyss_or_decor_stagger,
          uniq_eustachio, uniq_menkaure

Skill      XL: |  1  2  3  4  5  6 |
---------------+-------------------+-----
Axes           | 4 5 6 7 8 |  8.4
Armour         | 3 4 5 |  5.7
Fighting       | |  3.6
Dodging        | |  2.1

Action                     |  1- 3 |  4- 6 |  7- 9 || total
---------------------------+-------+-------+-------++-------
  Melee: Hand axe          |    74 |   102 |    15 ||   191
         Headbutt          |     9 |    10 |     2 ||    21
         Punch             |     3 |     1 |       ||     4
  Throw: Dart              |       |     1 |     1 ||     2
 Invoke: Berserk           |     1 |       |       ||     1
   Stab: Sleeping          |       |     2 |       ||     2
 Armour: Animal skin       |     5 |       |       ||     5
         Steam dragon scal |    11 |    24 |     4 ||    39
  Dodge: Dodged            |    41 |    64 |     7 ||   112
  Block: Other             |       |     9 |     1 ||    10
